 Seeded DCSS version 0.30.1-4-g462c640d31 (webtiles) character file.

Game seed: 6351066067085065685 (custom seed)

22 Esekla the Magician (level 2, 0/15 HPs)
             Began as a Deep Elf Wanderer on Sept 10, 2023.
             Was an Initiate of Vehumet.
             Slain by a gnoll
             ... wielding a +0 flail
              (9 damage)
             ... on level 2 of the Dungeon.
             The game lasted 00:10:52 (1244 turns).

Esekla the Magician (Deep Elf Wanderer)             Turns: 1244, Time: 00:10:53

Health: 0/15       AC:  4    Str: 11    XL:     2   Next: 68%
Magic:  9/9        EV: 11    Int: 17    God:    Vehumet [......]
Gold:   135        SH:  3    Dex: 11    Spells: 6/10 levels left

rFire   . . .        a - +1 short sword (freeze)
rCold   . . .        d - +0 buckler
rNeg    . . .        c - +0 robe
rPois   .            k - +0 helmet
rElec   .            (no cloak)
rCorr   .            i - +0 pair of gloves
SInv    .            (no boots)
Will    .....        (no amulet)
Stlth   ++           (no ring)
HPRegen 0.22/turn    (no ring)
MPRegen 0.11/turn

%: no passive effects
@: no status effects
A: no striking features
a: Renounce Religion


You were on level 2 of the Dungeon.
You worshipped Vehumet.
Vehumet was noncommittal.
You visited 1 branch of the dungeon, and saw 5 of its levels.

You collected 135 gold pieces.

Inventory:

Hand Weapons
 a - a +1 short sword of freezing (weapon)
Armour
 c - a +0 robe (worn)
 d - a +0 buckler (worn)
 i - a +0 pair of gloves (worn)
 k - a +0 helmet (worn)
Wands
 p - a wand of flame (15)
Scrolls
 g - a scroll of identify {unknown}
 m - a scroll of enchant armour {unknown}
 n - a scroll of amnesia {unknown}
 o - 2 scrolls of enchant weapon {unknown}
 q - a scroll of fear
 s - a scroll of blinking {unknown}
Potions
 b - a potion of lignification
 e - a potion of ambrosia {unknown}
 f - 2 potions of curing {unknown}
 h - a potion of heal wounds {unknown}
 j - a potion of attraction {unknown}
 l - a potion of mutation {unknown}
 r - a potion of haste {unknown}


   Skills:
 * Level 1.7 Dodging
 + Level 1.5 Stealth
 + Level 1.5 Shields
 * Level 4.8 Spellcasting
 * Level 0.7 Necromancy
 + Level 2.3 Translocations
 + Level 1.0 Invocations


You had 6 spell levels left.
You knew the following spells:

 Your Spells              Type           Power      Damage    Failure   Level
a - Magic Dart            Conj           16%        1d3       22%         1
b - Blink                 Tloc           24%        N/A       12%         2
p - Apportation           Tloc           24%        N/A       9%          1

Your spell library contained the following spells:

 Spells                   Type           Power      Damage    Failure   Level
 Lesser Beckoning         Tloc           24%        N/A       12%         2
 Vampiric Draining        Necr           6%         2d6       43%         3
 Ignite Poison            Fire/Tmut/Pois 4%         N/A       54%         3


Dungeon Overview and Level Annotations

Branches:
Dungeon (5/15)
 Temple: D:4-7

Altars:
Okawaru
Vehumet
Zin

Shops:
D:4 (


Message History

Aim: an adder (almost dead, 100% to hit)
The magic dart hits the adder.
You kill the adder!
Vehumet accepts your kill.
Your Dodging skill increases to level 1!
You miss the frilled lizard. The frilled lizard barely misses you.
You hit the frilled lizard but do no damage.
The frilled lizard bites you.
You hit the frilled lizard. You freeze the frilled lizard.
You kill the frilled lizard!
Vehumet accepts your kill.
s - a scroll labelled LIXOR VONLAKI A gnoll comes into view.
It is wielding a +0 flail.
Press: ? - help, v - describe, . - travel
Here: a goblin, wielding a +0 short sword and carrying a wand of roots (9) (wandering, hasn't noticed you)
The floor.
The goblin shouts!
The goblin zaps a wand.
The roots erupt in riotous growth!
The grasping roots grab you! The grasping roots constrict you.
You hear a shout! x2
You escape the roots grasp.
You closely miss the goblin. You block the goblin's attack.
You closely miss the goblin.
The goblin zaps a wand.
The roots erupt in riotous growth!
The grasping roots grab you!
The goblin is unaffected.
The grasping roots constrict you.
You closely miss the goblin. The goblin hits you but does no damage.
The grasping roots constrict you.
You hit the goblin. You freeze the goblin.
You kill the goblin!
Vehumet accepts your kill.
A goblin comes into view. It is wielding a +3 dagger of speed.
A gnoll comes into view. It is wielding a +0 spear.
The gnoll shouts!
A gnoll comes into view. It is wielding a +0 club.
Found a stone staircase leading up.
The gnoll enters a dispersal trap!
The gnoll blinks!
You blink.
The gnoll hits you with a +0 flail!
Ouch! That really hurt!
You die...

#..#.# .### #..####
#..#.# #.... ....
#..#.###..# ...
#..#......# ..#
#.........####..####
#...................
#####
##.#####..........
#....
#.#####)####..#
#.###
#.......@g....#
#######.####§.#
#.##....#
#######.##<....#
###.###
#.......####g#.g.
g...... #g#######
#.#..#####.### #.#
#.#..# #.# #.# .#
#.##########§. .#


You could see a gnoll.

Vanquished Creatures
  An adder (D:2)
  An endoplasm (D:3)
  3 goblins
  A hobgoblin (D:3)
  3 bats
  2 frilled lizards
  3 kobolds
14 creatures vanquished.

Notes
Turn   | Place    | Note
-------+----------+-------------------------------------------
     0 | D:1      | Esekla the Deep Elf Wanderer began the quest for the Orb.
     0 | D:1      | Esekla set off with the following items: a +0 club, a
                  | potion of lignification, a +0 robe, a +0 buckler; and the
                  | following spells available to memorise: Apportation, Blink,
                  | Lesser Beckoning, Magic Dart, Ignite Poison, Vampiric
                  | Draining.
     0 | D:1      | Reached XP level 1. HP: 10/10 MP: 7/7
     2 | D:1      | Learned a level 1 spell: Magic Dart
     4 | D:1      | Learned a level 1 spell: Apportation
   329 | D:4      | Found a radiant altar of Vehumet.
   340 | D:4      | Found an iron altar of Okawaru.
   352 | D:4      | Found a glowing silver altar of Zin.
   437 | D:4      | Became a worshipper of Vehumet
   778 | D:3      | Reached XP level 2. HP: 15/15 MP: 6/9
   781 | D:3      | Learned a level 2 spell: Blink
   904 | D:4      | Found Ponaysk's Antique Weapon Boutique.
   987 | D:5      | Entered Level 5 of the Dungeon
  1192 | D:2      | Reached skill level 1 in Dodging
  1244 | D:2      | Slain by a gnoll

Illustrated notes

Levels and vault maps discovered:
D:1:      sevenhm_arrival_forest_fort_small_3, layout_rooms,
          chequers_serial_rivers_room_b, minmay_misc_feat_five
D:2:      layout_loops_ring, dreamdust_ecumenical_altar_angels_and_demons,
          serial_shops, shop
D:3:      layout_basic, grunt_temple_overflow_open, minmay_misc_feat_iff
D:4:      layout_basic, nicolae_overflow_quartered_altars, serial_shops,
          nicolae_diamond_shop
D:5:      layout_loops_ring, lemuel_doored_altar, minmay_misc_feat_rows,
          dreamdust_wishing_well

Skill      XL: |  1  2 |
---------------+-------+-----
Dodging        | 1 |  1.7
Stealth        | |  1.5
Shields        | |  1.5
Spellcasting   | |  4.8
Necromancy     | |  0.7
Translocations | |  2.3
Invocations    | |  1.0

Action                     || total
---------------------------++-------
  Melee: Short sword       ||    21
   Cast: Magic Dart        ||    30
         Apportation       ||    28
    Use: Scroll            ||     1
 Armour: Robe              ||    21
  Dodge: Dodged            ||    20
  Block: Buckler           ||    12
